 Dungeon Crawl Stone Soup version 0.17-a0-913-g36eb389 (webtiles) character file.

1 RobertPalmer the Slasher (level 1, 0/21 HPs)
             Began as a Naga Chaos Knight on May 3, 2015.
             Succumbed to a kobold's poison
             ... on level 1 of the Dungeon.
             The game lasted 00:00:15 (49 turns).

RobertPalmer the Slasher (Naga Chaos Knight)          Turns: 49, Time: 00:00:16

Health: 0/21       AC:  4    Str: 14    XL:     1   Next: 20%
Magic:  1/1        EV:  9    Int: 12    God:    Xom [..*...]
Gold:   15         SH:  0    Dex: 10    Spells: 0 memorised, 0 levels left

rFire  . . .     SeeInvis +     a - +0 falchion (chaos)
rCold  . . .     Clarity  .     b - +2 leather armour
rNeg   . . .     SustAb   .     (no shield)
rPois  +         Gourm    .     (no helmet)
rElec  .         Spirit   .     (no cloak)
rCorr  .         Warding  .     (no gloves)
rMut   .         Stasis   .     (no barding)
MR     .....                    (no amulet)
Stlth  +.........               (no ring)
                                (no ring)

@: lethally poisoned (0 -> -13), very slow, not resistant to hostile
enchantments, very unstealthy
A: see invisible, deformed body, poison resistance, slowness 2, slow metabolism
1, spit poison 2, AC +0
a: Spit Poison, Renounce Religion


You were on level 1 of the Dungeon.
You worshipped Xom.
You were a toy of Xom.
You were not hungry.

You visited 1 branch of the dungeon, and saw 1 of its levels.

You collected 15 gold pieces.

Inventory:

Hand weapons
 a - a +0 falchion of chaos (weapon)
Armour
 b - a +2 leather armour (worn)
Scrolls
 d - a scroll of enchant weapon {unknown}
 f - a scroll of identify {unknown}
Potions
 e - a potion of might {unknown}
Comestibles
 c - a bread ration {@e1}


   Skills:
 - Level 3.0 Fighting
 + Level 3.1 Long Blades
 - Level 1.5 Armour
 - Level 0.7 Dodging


You couldn't memorise any spells.
You didn't know any spells.

Dungeon Overview and Level Annotations

Branches:
Dungeon (1/15)

Altars:


Innate Abilities, Weirdness & Mutations

You cannot wear boots.
Your serpentine skin is tough (AC +0).
You have supernaturally acute eyesight.
Armour fits poorly on your strangely shaped body.
Your system is resistant to poisons.
You cover ground very slowly.
You have a slow metabolism.
You can spit poison.


Message History

Welcome, RobertPalmer the Naga Chaos Knight.
Will you prevail where others failed? Will you find the Orb of Zot?
Xom says: A new plaything!
Found a staircase leading out of the dungeon.
You open the door.
There is an open door here.
d - a scroll labeled MENTOR UH BUY A hobgoblin comes into view.
It is wielding a club.
A hobgoblin is nearby!
A hobgoblin is nearby!
A hobgoblin is nearby!
You hit the hobgoblin but do no damage. The hobgoblin hits you with a club.
You take 2 damage, and have 19/21 hp.
You hit the hobgoblin. You freeze the hobgoblin.
The hobgoblin hits you but does no damage.
You closely miss the hobgoblin. The hobgoblin hits you with a club.
You take 6 damage, and have 13/21 hp.
MASSIVE DAMAGE!!
You hit the hobgoblin.
You kill the hobgoblin!
No target in view!
No target in view!
e - a fizzy white potion
f - a scroll labeled KICIRGHEBOS You now have 15 gold pieces.
A kobold comes into view. It is wielding a short sword of venom.
The kobold shouts!
The kobold throws a stone.
The stone hits you.
You take 1 damage, and have 13/21 hp.
A kobold is nearby!
Save game and exit?
Welcome back, RobertPalmer the Naga Chaos Knight.
Xom snickers.
The kobold throws a stone.
The stone barely misses you.
The kobold hits you with a short sword of venom.
You take 4 damage, and have 9/21 hp.
You are too injured to fight recklessly!
You are too injured to fight recklessly!
You are too injured to fight recklessly!
You barely miss the kobold. The kobold closely misses you.
You barely miss the kobold. The kobold hits you but does no damage.
You closely miss the kobold.
The kobold hits you with a short sword of venom.
* * * LOW HITPOINT WARNING * * *
You are lethally poisoned!
You take 4 damage, and have 6/21 hp.
You closely miss the kobold.
* * * LOW HITPOINT WARNING * * *
You feel sick.
The kobold hits you with a short sword of venom.
* * * LOW HITPOINT WARNING * * *
You are more poisoned.
You take 5 damage, and have 1/21 hp.
MASSIVE DAMAGE!!
You closely miss the kobold.
You die...
Xom chortles!

.#......#............##...#
..............#.......##.<.#
......................##...#
......................##...#
..................... #####
..............##.....
..#....##(...........
#.....#...........#
............@K.....#
.........%.###......
....#.....# .... ...#.....#
. . #.....# #.....# #.....#
.....# ..#


You could see a kobold.

Vanquished Creatures
  A hobgoblin (D:1)
1 creature vanquished.

Notes
Turn   | Place    | Note
--------------------------------------------------------------
     0 | D:1      | RobertPalmer, the Naga Chaos Knight, began the quest for the Orb.
     0 | D:1      | Reached XP level 1. HP: 21/21 MP: 1/1
    48 | D:1      | HP: 5/21 [poisoned by a kobold]
    48 | D:1      | HP: 1/21 [kobold/short sword of venom (4)]
    49 | D:1      | Succumbed to a kobold's poison

Action                   || total
-------------------------++-------
Melee: Falchion          ||     9

Vault maps used:
D:1:      dpeg_arrival_rooms_a

Table legend:
 A = Turns spent in this place as a percentage of turns spent in the entire game.
 B = Non-inter-level travel turns spent in this place as a percentage of non-inter-level travel turns spent in the entire game.
 C = Inter-level travel turns spent in this place as a percentage of turns spent in this place.
 D = Turns resting spent in this place as a percentage of non-inter-level travel turns spent in this place.
 E = Turns spent auto-exploring this place as a percentage of non-inter-level travel turns spent in this place.
 F = Non-inter-level travel turns spent in this place divided by the number of levels of this place that you've seen.
                   A       B       C       D       E      F
               +-------+-------+-------+-------+-------+----------------------
         Total | 100.0 | 100.0 |   0.0 |   0.0 |  17.9 |  28.0
       Dungeon | 100.0 | 100.0 |   0.0 |   0.0 |  17.9 |  28.0
               +-------+-------+-------+-------+-------+----------------------

Table legend:
 A = Kills in this place as a percentage of kills in entire the game.
 B = Kills by you in this place as a percentage of kills by you in the entire game.
 C = Kills by friends in this place as a percentage of kills by friends in the entire game.
 D = Other kills in this place as a percentage of other kills in the entire game.
 E = Experience gained in this place as a percentage of experience gained in the entire game.
 F = Experience gained in this place divided by the number of levels of this place that you have seen.
                   A       B       C       D       E      F
               +-------+-------+-------+-------+-------+----------------------
         Total | 100.0 | 100.0 |  -nan |  -nan | 100.0 |   2.0
       Dungeon | 100.0 | 100.0 |  -nan |  -nan | 100.0 |   2.0
               +-------+-------+-------+-------+-------+----------------------
